 Dungeon Crawl Stone Soup version 0.23.2-1-ga50397a6bc (webtiles) character file.

Game seed: 5361152485211778732

368 Oninnaise the Cudgeler (level 6, -14/48 HPs)
             Began as a Demonspawn Chaos Knight on Apr 15, 2019.
             Was a Plaything of Xom.
             Demolished by an ogre
             ... wielding a +0 giant spiked club
              (20 damage)
             ... on level 4 of the Dungeon.
             The game lasted 00:04:45 (2222 turns).

Oninnaise the Cudgeler (Demonspawn Chaos Knight)    Turns: 2222, Time: 00:04:45

Health: -14/48     AC:  7    Str: 14    XL:     6   Next: 41%
Magic:  6/6        EV: 12    Int: 14    God:    Xom [*.....]
Gold:   148        SH:  4    Dex: 12    Spells: 5/5 levels left

rFire    . . .     SeeInvis .   a - +1 mace (chaos)
rCold    . . .     Gourm    .   (no shield)
rNeg     . . .     Faith    .   b - +3 leather armour
rPois    .         Spirit   .   (no helmet)
rElec    .         Reflect  .   (no cloak)
rCorr    .         Harm     .   (no gloves)
MR       .....                  h - +0 pair of boots
Stlth    ++........             g - amulet of the acrobat
HPRegen  0.16/turn              (no ring)
MPRegen  0.10/turn              (no ring)

@: no status effects
A: large bone plates 1, foul stench 1, powered by pain 1, rot immunity
a: Renounce Religion


You were on level 4 of the Dungeon.
You worshipped Xom.
You were a special plaything of Xom.
You were not hungry.

You visited 1 branch of the dungeon, and saw 4 of its levels.

You collected 148 gold pieces.

Inventory:

Hand Weapons
 a - a +1 mace of chaos (weapon)
Armour
 b - a +3 leather armour (worn)
 h - a +0 pair of boots (worn)
Jewellery
 g - an amulet of the acrobat (around neck)
Wands
 d - a wand of random effects (19)
Scrolls
 e - 2 scrolls of amnesia
 f - 2 scrolls of identify
 i - a scroll of remove curse
Comestibles
 c - 4 rations


   Skills:
 + Level 4.1 Fighting
 + Level 4.5 Maces & Flails
 + Level 2.8 Armour
 + Level 2.6 Dodging
 + Level 1.8 Stealth


You had 5 spell levels left.
You didn't know any spells.
Your spell library was empty.

Dungeon Overview and Level Annotations

Branches:
Dungeon (4/15)
 Temple: D:4-7

Altars:
Elyvilon
Xom
Yredelemnul


Innate Abilities, Weirdness & Mutations

You are partially covered in large bone plates. (SH +4)
You may emit foul miasma when damaged in melee.
You sometimes gain a little power by taking damage.
You are immune to rotting.


Message History

No target in view!
No target in view!
No target in view!
An ogre comes into view. It is wielding a +0 giant spiked club.
An ogre is nearby!
An ogre is nearby!
The ogre shouts!
The ogre barely misses you.
You thump the ogre! You freeze the ogre.
The ogre is heavily wounded.
You block the ogre's attack.
You hit the ogre.
The ogre flickers and vanishes!
Deactivating autopickup; reactivate with Ctrl-A.
Something hits you!!
Ouch! That really hurt!
You hit something. You burn something. Something hits you!
* * * LOW HITPOINT WARNING * * *
You hit something. You freeze something. Something hits you!!
You die...
Xom chuckles heartily!

....... .........
......... ##......#
........# .
##......# ...
........####.....
#........@{......
#.......#####.###
#.....<....# #
#.###..###.# .#
#..........##.#
###.#...###.....# .
...............# ..
#..#.###......#
##..#......#......#


There were no monsters in sight!

Vanquished Creatures
  Sigmund (D:2)
  An orc priest (D:3)
  An orc wizard (D:3)
  2 worms
  3 dart slugs (D:2)
  3 leopard geckos
  7 orcs (D:3)
  A giant cockroach (D:2)
  6 goblins
  3 hobgoblins
  A jackal (D:2)
  A quokka (D:4)
  A ball python (D:1)
  9 bats
  3 frilled lizards (D:3)
  3 kobolds
  8 rats
54 creatures vanquished.

Vanquished Creatures (collateral kills)
  Eustachio (D:4)
  A hound (D:4)
2 creatures vanquished.

Vanquished Creatures (others)
  A kobold (D:2)
1 creature vanquished.

Grand Total: 57 creatures vanquished

Notes
Turn   | Place    | Note
-------+----------+-------------------------------------------
     0 | D:1      | Oninnaise the Demonspawn Chaos Knight began the quest for
                  | the Orb.
     0 | D:1      | Reached XP level 1. HP: 18/18 MP: 1/1
    33 | D:1      | XOM: harmless Pois miscast
   119 | D:1      | XOM: harmless Tloc miscast
   243 | D:1      | Gained mutation: You are immune to rotting. [demonic
                  | ancestry]
   243 | D:1      | Reached XP level 2. HP: 23/24 MP: 2/2
   543 | D:2      | Reached skill level 1 in Dodging
   764 | D:2      | Reached XP level 3. HP: 14/29 MP: 3/3
   852 | D:2      | Found a white marble altar of Elyvilon.
   853 | D:2      | Noticed Sigmund
   860 | D:2      | Killed Sigmund
   860 | D:2      | Reached skill level 1 in Stealth
   860 | D:2      | Gained mutation: You are partially covered in large bone
                  | plates. (SH +4) [demonic ancestry]
   860 | D:2      | Reached XP level 4. HP: 25/37 MP: 4/4
   860 | D:2      | Gained mutation: You sometimes gain a little power by
                  | taking damage. [demonic ancestry]
   860 | D:2      | Reached XP level 5. HP: 28/42 MP: 5/5
  1206 | D:3      | XOM: smoke on damage
  1228 | D:4      | Noticed Eustachio
  1232 | D:4      | XOM: blink monster(s)
  1240 | D:4      | XOM: butterfly on damage
  1244 | D:4      | Killed Eustachio
  1244 | D:4      | Gained mutation: You may emit foul miasma when damaged in
                  | melee. [demonic ancestry]
  1244 | D:4      | Reached XP level 6. HP: 9/48 MP: 6/6
  1727 | D:3      | Found a basalt altar of Yredelemnul.
  1840 | D:3      | XOM: cloud trail
  2097 | D:3      | XOM: god gift: ration
  2183 | D:4      | XOM: scenery: create altars
  2222 | D:4      | Demolished by an ogre

Skill      XL: |  1  2  3  4  5  6 |
---------------+-------------------+-----
Maces & Flails | 3 4 |  4.5
Dodging        | 1 2 |  2.6
Armour         | 2 |  2.8
Stealth        | 1 |  1.8
Fighting       | 4 |  4.1

Action                   |  1- 3 |  4- 6 || total
-------------------------+-------+-------++-------
Melee: Mace              |    78 |    91 ||   169
  Use: Scroll            |     4 |     4 ||     8
       Potion            |       |     3 ||     3
 Stab: Sleeping          |     2 |       ||     2
  Eat: Ration            |       |     2 ||     2
Armor: Leather armour    |    42 |    25 ||    67
Dodge: Dodged            |    72 |    50 ||   122
Block: Other             |       |    15 ||    15
